 Dungeon Crawl Stone Soup version 0.32-a0-675-gdc239d62e1 (webtiles) character file.

Game seed: 14962758619341711991

482 Querens the Shield-Bearer (level 6, -1/56 HPs)
             Began as a Mountain Dwarf Fighter on Mar 11, 2024.
             Slain by an ogre
             ... wielding a +0 giant spiked club
              (9 damage)
             ... on level 6 of the Dungeon.
             The game lasted 00:10:07 (2828 turns).

Querens the Shield-Bearer (Mountain Dwarf Fighter)  Turns: 2828, Time: 00:10:08

Health: -1/56      AC: 12    Str: 20    XL:     6   Next: 87%
Magic:  6/6        EV:  9    Int:  9    God:
Gold:   212        SH:  4    Dex:  9    Spells: 5/5 levels left

rFire   . . .        s - +2 hand axe (pain)
rCold   . . .        c - +0 buckler
rNeg    . . .        b - +0 scale mail
rPois   .            (no helmet)
rElec   .            g - +0 cloak
rCorr   .            (no gloves)
SInv    .            (no boots)
Will    .....        (no amulet) Stlth
                     v - +4 ring of protection
HPRegen 0.29/turn    (no ring)
MPRegen 0.10/turn

%: no passive effects
@: mighty
A: runic magic, artefact enchanting
a: no special abilities


You were on level 6 of the Dungeon.
You visited 1 branch of the dungeon, and saw 6 of its levels.

You collected 212 gold pieces.

Inventory:

Hand Weapons
 a - a +0 war axe
 s - a +2 hand axe of pain (weapon)
Armour
 b - a +0 scale mail (worn)
 c - a +0 buckler (worn)
 g - a +0 cloak (worn)
 n - a +0 ring mail of cold resistance
Jewellery
 v - a +4 ring of protection (left hand)
Wands
 p - a wand of digging (1)
Scrolls
 e - a scroll of amnesia
 f - 5 scrolls of noise
 j - a scroll of enchant weapon
 m - a scroll of vulnerability
 o - a scroll of fog {unknown}
 r - a scroll of torment {unknown}
 u - a scroll of enchant armour {unknown}
Potions
 h - a potion of heal wounds
 i - 3 potions of curing {unknown}
 k - 2 potions of magic {unknown}
 q - a potion of attraction {unknown}
 t - a potion of enlightenment {unknown}


   Skills:
 + Level 5.0 Fighting
 + Level 5.0 Axes
 + Level 5.1 Armour
 + Level 5.1 Shields


You had 5 spell levels left.
You didn't know any spells.
Your spell library contained the following spells:

 Spells                   Type           Power      Damage    Failure   Level
 Foxfire                  Conj/Fire      0%         2x1d4     54%         1
 Necrotise                Necr           0%         1d4       54%         1
 Mercury Vapours          Alch/Air       0%         N/A       67%         2
 Static Discharge         Conj/Air       0%         3-3/arc   67%         2
 Inner Flame              Hex/Fire       0%         N/A       88%         3
 Mephitic Cloud           Conj/Alch/Air  0%         N/A       88%         3
 Vampiric Draining        Necr           0%         2d6       88%         3
 Martyr's Knell           Necr/Summ      0%         N/A       99%         4
 Summon Lightning Spire   Summ/Air       0%         N/A       99%         4
 Vhi's Electric Charge    Tloc/Air       0%         N/A       99%         4
 Curse of Agony           Necr           0%         N/A       100%        5
 Freezing Cloud           Conj/Ice/Air   0%         6-21      100%        5
 Silence                  Hex/Air        0%         N/A       100%        5
 Yara's Violent Unravell  Hex/Alch       0%         3d3       100%        5


Dungeon Overview and Level Annotations

Branches:
Dungeon (6/15)
 Temple: D:4-7

Altars:
Gozag
Nemelex Xobeh
Xom
Zin

Shops:
D:4 =


Innate Abilities, Weirdness & Mutations

Your spellcasting is much less encumbered by armour.
You can use scrolls of enchantment on lesser artefacts.


Message History

You hit the bombardier beetle.
The bombardier beetle is severely wounded.
The bombardier beetle bites you but does no damage.
You slash the bombardier beetle!
You kill the bombardier beetle!
Your Armour skill increases to level 5!
Your Shields skill increases to level 5!
You see here a bombardier beetle corpse.
You open the door.
A bullfrog comes into view.
The bullfrog croaks.
You hear a shout!
The bullfrog releases a deep croak.
There is an open door here.
The bullfrog barely misses you.
You barely miss the bullfrog.
The bullfrog hits you but does no damage.
You closely miss the bullfrog. The bullfrog closely misses you.
The bullfrog hits you but does no damage.
You closely miss the bullfrog. The bullfrog completely misses you.
You slash the bullfrog!
The bullfrog is severely wounded.
You block the bullfrog's attack.
The bullfrog hits you but does no damage.
You slash the bullfrog!
You kill the bullfrog!
Your Fighting skill increases to level 5!
Your Axes skill increases to level 5!
An ogre comes into view. It is wielding a +0 giant spiked club.
The ogre hits you with a +0 giant spiked club!!
You slash the ogre!
The ogre is heavily wounded.
The ogre hits you with a +0 giant spiked club!!
Ouch! That really hurt!
* * * LOW HITPOINT WARNING * * *
You hit the ogre.
The ogre is heavily wounded.
You hit the ogre.
The ogre is severely wounded.
The ogre hits you with a +0 giant spiked club!
You die...

. .. #. #.
#######.##
#........#
#......#O#####
.........@...# ###
.............#
#.####
.............#
#....#
.............#
#.##.#
##...####'####
#.##.###### ##.
#.# #....<..... #
#.## #.#####..#.
#..#####.#####..#
##..#.†....[......


You could see an ogre.

Vanquished Creatures
  A bullfrog (D:6)
  A scorpion (D:5)
  2 bombardier beetles
  A hound (D:5)
  2 orc priests
  A sleepcap (D:4)
  An orc wizard (D:4)
  5 adders
  A white imp (D:5)
  2 dart slugs
  A ribbon worm (D:3)
  15 orcs
  5 bats
  7 endoplasms
  4 giant cockroaches
  5 goblins
  5 hobgoblins
  2 jackals (D:1)
  2 quokkas (D:1)
  10 ball pythons
  6 frilled lizards
  3 kobolds
  8 rats
90 creatures vanquished.

Notes
Turn   | Place    | Note
-------+----------+-------------------------------------------
     0 | D:1      | Querens the Mountain Dwarf Fighter began the quest for the
                  | Orb.
     0 | D:1      | Reached XP level 1. HP: 19/19 MP: 1/1
    75 | D:1      | Reached XP level 2. HP: 23/26 MP: 2/2
   679 | D:2      | Reached XP level 3. HP: 27/31 MP: 3/3
   770 | D:2      | Got the Parchment of Melanotic Ceraunoscopy
  1372 | D:3      | Reached XP level 4. HP: 31/40 MP: 4/4
  1497 | D:3      | Found a glowing silver altar of Zin.
  1545 | D:3      | Found an opulent altar of Gozag.
  1629 | D:3      | Found a sparkling altar of Nemelex Xobeh.
  1629 | D:3      | Found a shimmering altar of Xom.
  1630 | D:3      | You fall into a shaft and drop 2 floors!
  1630 | D:5      | Entered Level 5 of the Dungeon
  1936 | D:3      | Reached XP level 5. HP: 30/46 MP: 5/5
  2004 | D:4      | Got the Notes on Blazing Conduction
  2275 | D:4      | Found Xeno's Jewellery Shoppe.
  2450 | D:4      | HP: 1/47 [burnt (7)]
  2563 | D:5      | Reached XP level 6. HP: 14/53 MP: 6/6
  2654 | D:5      | HP: 1/53 [orc/+0 flail (6)]
  2805 | D:6      | Reached skill level 5 in Armour
  2805 | D:6      | Reached skill level 5 in Shields
  2821 | D:6      | Reached skill level 5 in Fighting
  2821 | D:6      | Reached skill level 5 in Axes
  2828 | D:6      | Slain by an ogre

Illustrated notes

Levels and vault maps discovered:
D:1:      minmay_arrival_doors, layout_basic
D:2:      kennysheep_big_flooded_room, layout_basic,
          shapermc_ecumenical_altar_mp_urbaneastern, kennysheep_generic_room_9
D:3:      layout_basic, pdpol_temple_overflow_zin_treasury_gozag_greed,
          nicolae_overflow_two_pavilions
D:4:      layout_loops_ring, serial_shops, shop
D:5:      layout_rooms, marbit_many_paths
D:6:      kennysheep_spiral_hall, layout_basic, minmay_manual_mares

Skill      XL: |  1  2  3  4  5  6 |
---------------+-------------------+-----
Axes           | 3 4 5 |  5.0
Shields        | 4 5 |  5.1
Armour         | 4 5 |  5.1
Fighting       | 4 5 |  5.0

Action                     |  1- 3 |  4- 6 || total
---------------------------+-------+-------++-------
  Melee: War axe           |   130 |    34 ||   164
         Hand axe          |       |   136 ||   136
    Use: Scroll            |       |     4 ||     4
         Potion            |       |     4 ||     4
 Armour: Scale mail        |   101 |   124 ||   225
  Dodge: Dodged            |    70 |    69 ||   139
  Block: Buckler           |    50 |    34 ||    84

Table legend: (Time is in decaauts)
 A = Elapsed time spent in this place.
 B = Non-inter-level travel time spent in this place.
 C = Inter-level travel time spent in this place.
 D = Time resting spent in this place.
 E = Time spent auto-exploring this place.
 F = Levels seen in this place.
 G = Mean time per level.
                   A        B        C        D        E       F      G
               +--------+--------+--------+--------+--------+-----+--------+
         Total |   2902 |   2639 |    263 |     10 |      0 |   6 |  483.7 |
       Dungeon |   2902 |   2639 |    263 |     10 |      0 |   6 |  483.7 |
               +--------+--------+--------+--------+--------+-----+--------+

Top non-repeatable levels by time:
     D:2: 907 daAuts
     D:3: 648 daAuts
     D:4: 577 daAuts
     D:1: 489 daAuts
     D:5: 220 daAuts
     D:6: 59 daAuts
